 Dungeon Crawl Stone Soup version 0.31-a0-4-gefa6de2278 (webtiles) character file.

Game seed: 11411802334624005129

126 Dittersdorf the Covered (level 5, -4/33 HPs)
             Began as a Gargoyle Fighter on May 3, 2023.
             Killed by divine providence
             ... invoked by an orc priest
              (17 damage)
             ... on level 4 of the Dungeon.
             The game lasted 00:03:14 (2392 turns).

Dittersdorf the Covered (Gargoyle Fighter)          Turns: 2392, Time: 00:03:14

Health: -4/33      AC: 22    Str: 22    XL:     5   Next: 9%
Magic:  5/5        EV:  8    Int: 14    God:
Gold:   112        SH:  5    Dex: 13    Spells: 4/4 levels left

rFire   . . .        a - +0 flail
rCold   . . .        c - +0 buckler
rNeg    + . .        q - +2 chain mail {rPois}
rPois   ∞            o - +2 helmet
rElec   +            (no cloak)
rCorr   .            (no gloves)
SInv    .            (no boots)
Will    +....        (no amulet) Stlth
                     e - +4 ring of protection
HPRegen 0.25/turn    u - ring "Kischati" {Will+ Int+6 Dex+4 Stlth+}
MPRegen 0.09/turn

%: no passive effects
@: no status effects
A: sickness immunity, AC +4, negative energy resistance 1, electricity
resistance, torment resistance 1, petrification resistance
a: no special abilities


You were on level 4 of the Dungeon.
You visited 1 branch of the dungeon, and saw 4 of its levels.

You collected 112 gold pieces.

Inventory:

Hand Weapons
 a - a +0 flail (weapon)
Missiles
 f - 3 poisoned darts (quivered)
Armour
 c - a +0 buckler (worn)
 o - a +2 helmet (worn)
 q - a +2 chain mail of poison resistance (worn)
Jewellery
 e - a +4 ring of protection (left hand)
 g - a ring of fire
 u - the ring "Kischati" (right hand) {Will+ Int+6 Dex+4 Stlth+}
   (You found it on level 3 of the Dungeon)

   [ring of intelligence]

   Int:       It affects your intelligence (+6).
   Dex:       It affects your dexterity (+4).
   Will:      It increases your willpower.
   Stlth:     It makes you more stealthy.
Scrolls
 h - a scroll of blinking {unknown}
 i - 2 scrolls of fog
 j - a scroll of noise {unknown}
 k - a scroll of fear {unknown}
 r - a scroll of enchant armour {unknown}
Potions
 b - a potion of magic {unknown}
 d - 2 potions of might
 l - a potion of curing {unknown}
 t - a potion of berserk rage


   Skills:
 + Level 4.1 Fighting
 + Level 3.0 Maces & Flails
 + Level 4.2 Armour
 + Level 4.2 Shields


You had 4 spell levels left.
You didn't know any spells.
Your spell library contained the following spells:

 Spells                   Type           Power      Damage    Failure   Level
 Dazzling Flash           Conj/Hex       0%         N/A       100%        3
 Volatile Blastmotes      Fire/Tloc      0%         2d10      100%        3
 Iskenderun's Mystic Bla  Conj/Tloc      0%         2d3       100%        4
 Summon Forest            Summ/Tloc      0%         N/A       100%        5
 Summon Mana Viper        Hex/Summ       0%         N/A       100%        5
 Starburst                Conj/Fire      0%         6d3       100%        6
 Summon Cactus Giant      Summ           0%         N/A       100%        6


Dungeon Overview and Level Annotations

Branches:
Dungeon (4/15)
 Temple: D:4-7

Altars:
Kikubaaqudgha
Wu Jian

Shops:
D:3 =


Innate Abilities, Weirdness & Mutations

You are immune to sickness and miasma.
Your stone body is resilient. (AC +4)
You are immune to poison.
You resist negative energy. (rN+)
You are resistant to electric shocks. (rElec)
You are resistant to unholy torment.
You are immune to petrification.


Message History

m - a potion of degeneration You drop a potion of degeneration.
As you read the scroll labelled NETISI JUYLEI, it crumbles to dust.
The scroll dissolves into smoke.
It was a scroll of fog.
As you read the scroll labelled CEZATW BIAMACW, it crumbles to dust.
It is a scroll of amnesia.
You feel forgetful for a moment.
Autopickup disabled for scrolls of amnesia.
You drop 2 scrolls of amnesia.
As you read the scroll labelled HOMEYTRUBE, it crumbles to dust.
You feel aware of your surroundings.
You sensed 1 shop/portal.
It was a scroll of magic mapping.
Found a stone staircase leading down.
There is a stone staircase leading down here.
Found a jade ring.
g - a ring of fire
Found a pink potion.
An orc comes into view. It is wielding a +0 whip.
The orc shouts!
You see here a pink potion.
An orc and an orc priest come into view.
The orc shouts!
The orc priest shouts!
You hear a shout!
An orc priest comes into view. It is wielding a +0 mace.
The orc priest shouts!
The orc priest invokes the aid of Beogh against you.
Beogh smites you! The orc hits you but does no damage.
You barely miss the orc.
The orc priest calls down the wrath of Beogh upon you.
You resist with some effort. The orc hits you but does no damage.
The orc attacks as you move away! The orc hits you but does no damage.
You see here a pink potion.
l - a pink potion The orc attacks as you move away!
The orc hits you but does no damage.
The orc priest miscasts a cantrip.
The orc priest mumbles some strange prayers to Beogh against you.
Beogh smites you!
The orc priest mumbles some strange prayers to Beogh against you.
Beogh smites you!
Ouch! That really hurt!
You die...

*,*,,,,,,,.......<......#,* *,,
*,*,,,,,,,......§....##.#,* *,,
*,*,,,,,**#....###..###.#,# *,*
*,***,*** ####.# #..# #.#.# *,*
*,* *,* #.# #..###.#.###.# *,*
*,* #.# #.............
*,***,########.####.###.#######
*,,,,,...............>#.#
***,**#.######@######.#.# *,*
*,* #.######.#.# *,* *,*
#........#.# ***,***,*
#.o........# *,,,,,#,*
##.######### ***,***.#.** #o#
*,,,* *....######o#
*,*,***,#.........#
*,*,>,,,#^......###


You could see an orc priest and 2 orcs.

Vanquished Creatures
  An orc priest (D:3)
  4 adders
  A worm (D:2)
  2 dart slugs
  2 orcs (D:3)
  5 ball pythons
  5 endoplasms
  5 giant cockroaches
  7 goblins
  4 hobgoblins
  2 kobolds (D:1)
  5 bats
  A frilled lizard (D:1)
  7 rats
51 creatures vanquished.

Notes
Turn   | Place    | Note
-------+----------+-------------------------------------------
     0 | D:1      | Dittersdorf the Gargoyle Fighter began the quest for the
                  | Orb.
     0 | D:1      | Reached XP level 1. HP: 14/14 MP: 1/1
   250 | D:1      | Reached XP level 2. HP: 18/19 MP: 2/2
  1052 | D:2      | Reached XP level 3. HP: 24/24 MP: 3/3
  1159 | D:2      | Reached XP level 4. HP: 29/29 MP: 4/4
  1661 | D:3      | Noticed a scorpion
  1841 | D:3      | Found Mismargh's Jewellery Boutique.
  1903 | D:3      | Found an ornate altar of the Wu Jian Council.
  1947 | D:3      | Reached XP level 5. HP: 33/33 MP: 5/5
  2232 | D:3      | Found an ancient bone altar of Kikubaaqudgha.
  2260 | D:3      | Identified the ring "Kischati" {Will+ Int+6 Dex+4 Stlth+}
  2392 | D:4      | Killed from afar by an orc priest

Illustrated notes

Levels and vault maps discovered:
D:1:      arrival_zaba_pyramid, layout_basic, minmay_tall_x
D:2:      layout_basic
D:3:      layout_loops_cross, nzn_wu_jian_contemplation, general_overflow_altar,
          serial_shops, shop, lightli_corner_chamber
D:4:      layout_loops_ring, supply_closet_lemuel, minivault_23,
          nicolae_shop_sticking_my_neck_out, uniq_edmund

Skill      XL: |  1  2  3  4 |
---------------+-------------+-----
Armour         | 4 |  4.2
Shields        | 4 |  4.2
Fighting       | 4 |  4.1
Maces & Flails | 3 |  3.0

Action                     |  1- 3 |  4- 6 || total
---------------------------+-------+-------++-------
  Melee: Flail             |    94 |    66 ||   160
    Use: Scroll            |       |     6 ||     6
 Armour: Scale mail        |    68 |     3 ||    71
         Chain mail        |       |    55 ||    55
  Dodge: Dodged            |    56 |    26 ||    82
  Block: Buckler           |    16 |    22 ||    38

Table legend: (Time is in decaauts)
 A = Elapsed time spent in this place.
 B = Non-inter-level travel time spent in this place.
 C = Inter-level travel time spent in this place.
 D = Time resting spent in this place.
 E = Time spent auto-exploring this place.
 F = Levels seen in this place.
 G = Mean time per level.
                   A        B        C        D        E       F      G
               +--------+--------+--------+--------+--------+-----+--------+
         Total |   2438 |   2370 |     68 |     70 |   1794 |   4 |  609.5 |
       Dungeon |   2438 |   2370 |     68 |     70 |   1794 |   4 |  609.5 |
               +--------+--------+--------+--------+--------+-----+--------+

Top non-repeatable levels by time:
     D:1: 1029 daAuts
     D:3: 706 daAuts
     D:2: 628 daAuts
     D:4: 74 daAuts
